 Dungeon Crawl Stone Soup version 0.18.1-50-g88ac8fd (webtiles) character file.

282 Gargoyl the Skirmisher (level 6, -1/48 HPs)
             Began as a Demonspawn Abyssal Knight on Sept 23, 2016.
             Was a Believer of Lugonu.
             Slain by Jessica (3 damage)
             ... on level 2 of the Dungeon.
             The game lasted 00:04:45 (2036 turns).

Gargoyl the Skirmisher (Demonspawn Abyssal Knight)  Turns: 2036, Time: 00:04:45

Health: -1/48      AC: 10    Str: 14    XL:     6   Next: 6%
Magic:  9/9        EV:  6    Int: 13    God:    Lugonu [**....]
Gold:   109        SH:  0    Dex: 13    Spells: 0 memorised, 5 levels left

rFire  . . .     SeeInvis .     d - +5 great sword (elec)
rCold  . . .     Gourm    .     i - +0 chain mail
rNeg   . . .     Faith    .     (shield currently unavailable)
rPois  .         Spirit   .     e - +0 helmet
rElec  .         Dismiss  .     (no cloak)
rCorr  .         Reflect  .     (no gloves)
SustAt .         Harm     .     (no boots)
MR     .....     Clarity  +     (no amulet)
Stlth  ..........               (no ring)
                                (no ring)

@: not resistant to hostile enchantments, extremely unstealthy
A: claws 2, talons 1, blurry vision 1, clarity, wild magic 1
a: Depart the Abyss, Bend Space, Renounce Religion


You were on level 2 of the Dungeon.
You worshipped Lugonu.
Lugonu was pleased with you.
You were not hungry.

You visited 1 branch of the dungeon, and saw 2 of its levels.
You visited the Abyss 1 time.

You collected 109 gold pieces.

Inventory:

Hand Weapons
 a - a +1 hand axe
 d - a +5 great sword of electrocution (weapon)
 k - a +0 spear
Missiles
 f - a javelin of returning (quivered)
Armour
 e - a +0 helmet (worn)
 i - a +0 chain mail (worn)
Jewellery
 j - a cursed amulet of inaccuracy {unknown}
Scrolls
 b - a scroll of enchant weapon {unknown}
 g - a scroll of blinking {unknown}
 h - 3 scrolls of identify {unknown}
Comestibles
 c - a bread ration


   Skills:
 + Level 4.1 Fighting
 + Level 1.0 Long Blades
 + Level 2.2 Axes
 * Level 3.9 Armour
 + Level 1.6 Dodging
 * Level 4.0 Invocations


You had 5 spell levels left.
You didn't know any spells.

Dungeon Overview and Level Annotations

Branches:
Dungeon (2/15)

Altars:

Annotations:
D:2 Jessica


Innate Abilities, Weirdness & Mutations

You have very sharp fingernails.
You have sharp toenails.
Scrolls take you a little longer to read.
You possess an exceptional clarity of mind.
Your spells are a little harder to cast, but a little more powerful.


Message History

Jessica mumbles some strange words.
Jessica seems to speed up.
Jessica gestures at you while chanting. Pain shoots through your body!
* * * LOW HITPOINT WARNING * * *
You aren't carrying any potions.
Throwing (i - inventory):
f - 2 javelins of returning (quivered)
Press: ? - help, Shift-Dir - straight line, f - Jessica
Aim: Jessica, wearing a robe (fast)
You throw a javelin of returning.
The javelin of returning barely misses Jessica.
The javelin of returning hits the gnoll.
The gnoll is heavily wounded.
The javelin of returning fails to return to your pack!
Jessica points at you and mumbles some strange words.
You barely resist. You completely miss Jessica. Jessica hits you.
* * * LOW HITPOINT WARNING * * *
The gnoll hits you but does no damage. Jessica hits you.
You die...

#. #...........##....
#.##....(..#.###...<.
#.#...........##.....
#......###...........
#......#...........##
##........#.#......##
#....#.####........
#..................
##...@.####........
#...@## .......
####g# #...... #g#
....... #....g....#
#.........#
#.........#
#.........#
#...........


You could see 2 gnolls, Jessica and a hobgoblin.

Vanquished Creatures
  Sigmund (D:2)
  Robin (D:2)
  2 gnolls (D:2)
  3 adders (D:2)
  An ooze (D:1)
  A worm (D:2)
  A giant gecko (D:1)
  5 giant cockroaches
  15 goblins
  6 hobgoblins
  7 jackals (D:1)
  3 kobolds (D:1)
  A quokka (D:1)
  A ball python (D:1)
  5 bats
  A giant newt (D:1)
  4 rats
58 creatures vanquished.

Notes
Turn   | Place    | Note
--------------------------------------------------------------
     0 | Abyss:1  | Gargoyl the Demonspawn Abyssal Knight began the quest for the Orb.
     0 | Abyss:1  | Reached XP level 1. HP: 18/18 MP: 2/2
    46 | Abyss:2  | Noticed a blink frog
    46 | Abyss:2  | Noticed a blink frog
    46 | Abyss:2  | Noticed a blink frog
    46 | Abyss:2  | Noticed a blink frog
    73 | D:1      | Escaped the Abyss
   418 | D:1      | Gained mutation: You have sharp toenails. [demonic ancestry]
   418 | D:1      | Reached XP level 2. HP: 23/24 MP: 4/4
   420 | D:1      | Reached * piety under Lugonu
   885 | D:1      | Reached XP level 3. HP: 27/29 MP: 5/5
   914 | D:1      | Reached skill level 1 in Dodging
  1239 | D:2      | Noticed Robin
  1252 | D:2      | Gained mutation: You possess an exceptional clarity of mind. [potion of mutation]
  1252 | D:2      | Gained mutation: Your spells are a little harder to cast, but a little more powerful. [potion of mutation]
  1252 | D:2      | Gained mutation: Scrolls take you a little longer to read. [potion of mutation]
  1263 | D:2      | Reached ** piety under Lugonu
  1284 | D:2      | Killed Robin
  1284 | D:2      | Gained mutation: You have sharp fingernails. [demonic ancestry]
  1284 | D:2      | Reached XP level 4. HP: 20/37 MP: 6/6
  1667 | D:2      | Noticed Sigmund
  1879 | D:2      | Killed Sigmund
  1879 | D:2      | Reached skill level 1 in Long Blades
  1879 | D:2      | Gained mutation: You have very sharp fingernails. [demonic ancestry]
  1879 | D:2      | Reached XP level 5. HP: 28/42 MP: 6/8
  2022 | D:2      | Noticed Jessica
  2026 | D:2      | Reached XP level 6. HP: 48/48 MP: 9/9
  2036 | D:2      | HP: 2/48 [Jessica (2)]
  2036 | D:2      | Slain by Jessica

Skill      XL: |  1  2  3  4 |
---------------+-------------+-----
Axes           | 2 |  2.2
Armour         | 2 3 |  3.9
Dodging        | 1 |  1.6
Invocations    | 3 4 |  4.0
Fighting       | 4 |  4.1
Long Blades    | 1 |  1.0

Action                   |  1- 3 |  4- 6 || total
-------------------------+-------+-------++-------
Melee: Great sword       |    76 |    45 ||   121
       Kick              |    17 |     8 ||    25
       Hand axe          |    27 |       ||    27
Throw: Javelin           |       |     1 ||     1
Invok: Depart the Abyss  |     1 |       ||     1
  Use: Potion            |     3 |       ||     3
  Eat: Chunk             |     1 |     3 ||     4
Armor: Leather armour    |     4 |       ||     4
       Chain mail        |   101 |    40 ||   141
Dodge: Dodged            |    54 |    23 ||    77
